TOP OF THE 1ST |
San Pablo de las Salinas Doctors batting - Pitching for Santa Anna Dukes : RHP Paul Turberville
|
Pitching: RHP Paul Turberville
|
|
Batting: SHB Jorge Maldonado
|
0-0: Called Strike 0-1: Ball 1-1: Called Strike 1-2: Ball 2-2: SINGLE (Groundball, 5D)
|
Batting: SHB José Vélez
|
0-0: Ball 1-0: Swinging Strike 1-1: Ball 2-1: Grounds into double play, 4-6-3 (Groundball, 4)
|
Batting: RHB John Jones
|
0-0: Called Strike 0-1: Foul Ball, location: 2F 0-2: Strikes out swinging
|
Top of the 1st over - 0 run(s), 1 hit(s), 0 error(s), 0 left on base; San Pablo de las Salinas 0 - Santa Anna 0 |
BOTTOM OF THE 1ST |
Santa Anna Dukes batting - Pitching for San Pablo de las Salinas Doctors : RHP Esteban Ramírez
|
Pitching: RHP Esteban Ramírez
|
|
Batting: RHB Jesús Velásquez
|
0-0: Called Strike 0-1: Ball 1-1: Ball 2-1: Foul Ball, location: 2F 2-2: Foul Ball, location: 2F 2-2: Foul Ball, location: 2F 2-2: Strikes out swinging
|
Batting: RHB Alberto Castillo
|
0-0: SINGLE (Flyball, 7S)
|
Batting: LHB Oliver Hernández
|
0-0: Ball 1-0: Called Strike Alberto Castillo is caught stealing 2nd base 1-1: Ball 2-1: Ball 3-1: Base on Balls
|
Batting: RHB Ron Elazar
|
0-0: Ball 1-0: SINGLE (Groundball, 56D) Oliver Hernández to second
|
Batting: RHB Charles Lewis
|
0-0: Ball 1-0: Ball 2-0: Swinging Strike 2-1: Foul Ball, location: 2F 2-2: Foul Ball, location: 2F 2-2: Foul Ball, location: 2F 2-2: Ball 3-2: Base on Balls Oliver Hernández to third Ron Elazar to second
|
Batting: RHB Michael Hastings
|
0-0: Called Strike 0-1: Foul Ball, location: 2F 0-2: Foul Ball, location: 2F 0-2: Fly out, F6 (Line Drive, 6)
|
Bottom of the 1st over - 0 run(s), 2 hit(s), 0 error(s), 3 left on base; San Pablo de las Salinas 0 - Santa Anna 0 |
TOP OF THE 2ND |
San Pablo de las Salinas Doctors batting - Pitching for Santa Anna Dukes : RHP Paul Turberville
|
Batting: RHB Luis Samaripa
|
0-0: Called Strike 0-1: Ball 1-1: Swinging Strike 1-2: Strikes out looking
|
Batting: RHB Pedro López
|
0-0: Ball 1-0: Fly out, F6 (Popup, 6M)
|
Batting: RHB Luis López
|
0-0: Called Strike 0-1: Ball 1-1: Called Strike 1-2: Foul Ball, location: 2F 1-2: Fly out, F9 (Flyball, 89M)
|
Top of the 2nd over - 0 run(s), 0 hit(s), 0 error(s), 0 left on base; San Pablo de las Salinas 0 - Santa Anna 0 |
BOTTOM OF THE 2ND |
Santa Anna Dukes batting - Pitching for San Pablo de las Salinas Doctors : RHP Esteban Ramírez
|
Batting: RHB Júlio González
|
0-0: Foul Ball, location: 2F 0-1: Ball 1-1: Ball 2-1: Ball 3-1: Called Strike 3-2: Base on Balls
|
Batting: RHB Ben Wilson
|
0-0: Ball 1-0: Foul Ball, location: 2F 1-1: Ball 2-1: Called Strike 2-2: Fly out, F7 (Flyball, 7D)
|
Batting: RHB Bryan Martínez
|
0-0: Called Strike 0-1: Ball 1-1: SINGLE (Line Drive, 89S) Júlio González to second
|
Batting: RHB Jesús Velásquez
|
0-0: Called Strike 0-1: Called Strike 0-2: Strikes out looking
|
Batting: RHB Alberto Castillo
|
0-0: Swinging Strike 0-1: Foul Ball, location: 2F 0-2: Ground out 6-3 (Groundball, 6)
|
Bottom of the 2nd over - 0 run(s), 1 hit(s), 0 error(s), 2 left on base; San Pablo de las Salinas 0 - Santa Anna 0 |
TOP OF THE 3RD |
San Pablo de las Salinas Doctors batting - Pitching for Santa Anna Dukes : RHP Paul Turberville
|
Batting: RHB Sandro Hernández
|
0-0: Ball 1-0: Called Strike 1-1: Foul Ball, location: 2F 1-2: Ball 2-2: Foul Ball, location: 2F 2-2: Strikes out swinging
|
Batting: LHB Julián Díaz
|
0-0: Called Strike 0-1: Ground out 4-3 (Groundball, 4)
|
Batting: SHB Jorge Aguilar
|
0-0: Called Strike 0-1: Ground out 4-3 (Groundball, 4)
|
Top of the 3rd over - 0 run(s), 0 hit(s), 0 error(s), 0 left on base; San Pablo de las Salinas 0 - Santa Anna 0 |
BOTTOM OF THE 3RD |
Santa Anna Dukes batting - Pitching for San Pablo de las Salinas Doctors : RHP Esteban Ramírez
|
Batting: LHB Oliver Hernández
|
0-0: Called Strike 0-1: Called Strike 0-2: Strikes out swinging
|
Batting: RHB Ron Elazar
|
0-0: Ground out 5-3 (Groundball, 5S)
|
Batting: RHB Charles Lewis
|
0-0: Called Strike 0-1: Ball 1-1: Ground out 6-3 (Groundball, 6)
|
Bottom of the 3rd over - 0 run(s), 0 hit(s), 0 error(s), 0 left on base; San Pablo de las Salinas 0 - Santa Anna 0 |
TOP OF THE 4TH |
San Pablo de las Salinas Doctors batting - Pitching for Santa Anna Dukes : RHP Paul Turberville
|
Batting: SHB Jorge Maldonado
|
0-0: Called Strike 0-1: Ball 1-1: Swinging Strike 1-2: Strikes out swinging
|
Batting: SHB José Vélez
|
0-0: Ball 1-0: Ball 2-0: DOUBLE (Flyball, 78D)
|
Batting: RHB John Jones
|
0-0: Intentional Walk
|
Batting: RHB Luis Samaripa
|
0-0: Called Strike 0-1: Swinging Strike 0-2: Ball 1-2: Strikes out looking
|
Batting: RHB Pedro López
|
0-0: Fielders Choice at 2nd, 5-4 (Groundball, 5)
|
Top of the 4th over - 0 run(s), 1 hit(s), 0 error(s), 1 left on base; San Pablo de las Salinas 0 - Santa Anna 0 |
BOTTOM OF THE 4TH |
Santa Anna Dukes batting - Pitching for San Pablo de las Salinas Doctors : RHP Esteban Ramírez
|
Batting: RHB Michael Hastings
|
0-0: Called Strike 0-1: Ball 1-1: Ball 2-1: Ball 3-1: SINGLE (Groundball, 25) (infield hit)
|
Batting: RHB Júlio González
|
0-0: Called Strike 0-1: Ball 1-1: Ball 2-1: SINGLE (Line Drive, 8LS) Michael Hastings to second
|
Batting: RHB Ben Wilson
|
0-0: Ball 1-0: Reached on error, E1 (Groundball, 15) Michael Hastings to third Júlio González to second
|
Batting: RHB Bryan Martínez
|
0-0: Foul Ball, location: 2F 0-1: Ball 1-1: Grounds into double play, 5-4-3 (Groundball, 56) Michael Hastings scores Júlio González to third
|
Batting: RHB Jesús Velásquez
|
0-0: Ball 1-0: Fly out, F5 (Line Drive, 5)
|
Bottom of the 4th over - 1 run(s), 2 hit(s), 1 error(s), 1 left on base; San Pablo de las Salinas 0 - Santa Anna 1 |
TOP OF THE 5TH |
San Pablo de las Salinas Doctors batting - Pitching for Santa Anna Dukes : RHP Paul Turberville
|
Batting: RHB Luis López
|
0-0: SINGLE (Line Drive, 89S)
|
Batting: RHB Sandro Hernández
|
0-0: Ball 1-0: SINGLE (Line Drive, 34) Luis López to second
|
Batting: LHB Julián Díaz
|
0-0: Ball 1-0: Called Strike 1-1: Foul Ball, location: 2F 1-2: Ball 2-2: Ball 3-2: Foul Ball, location: 2F 3-2: Base on Balls Luis López to third Sandro Hernández to second
|
Batting: SHB Jorge Aguilar
|
0-0: Ball 1-0: Foul Ball, location: 2F 1-1: Foul Ball, location: 2F 1-2: DOUBLE (Line Drive, 78M) Luis López scores Sandro Hernández scores Julián Díaz to third
|
Batting: SHB Jorge Maldonado
|
0-0: Intentional Walk
|
Batting: SHB José Vélez
|
0-0: Ball 1-0: Ball 2-0: Foul Ball, location: 2F 2-1: Grounds into fielders choice 1-2 (Groundball, 15S) Jorge Aguilar to third Jorge Maldonado to second
|
Batting: RHB John Jones
|
0-0: Grounds into fielders choice 1-2 (Groundball, 15) Jorge Maldonado to third José Vélez to second
|
Batting: RHB Luis Samaripa
|
0-0: Called Strike 0-1: Ball 1-1: Swinging Strike 1-2: Ball 2-2: Ball 3-2: Strikes out looking
|
Top of the 5th over - 2 run(s), 3 hit(s), 0 error(s), 3 left on base; San Pablo de las Salinas 2 - Santa Anna 1 |
BOTTOM OF THE 5TH |
Santa Anna Dukes batting - Pitching for San Pablo de las Salinas Doctors : RHP Esteban Ramírez
|
Batting: RHB Alberto Castillo
|
0-0: Foul Ball, location: 2F 0-1: Called Strike 0-2: Ball 1-2: Hit by Pitch
|
Batting: LHB Oliver Hernández
|
0-0: Called Strike 0-1: Called Strike 0-2: Ball 1-2: Ball 2-2: Fly out, F9 (Flyball, 89M)
|
Batting: RHB Ron Elazar
|
0-0: Swinging Strike 0-1: Ball 1-1: Ball 2-1: Swinging Strike 2-2: Fielders Choice at 2nd, 1-4 (Groundball, 15S)
|
Pitching: RHP Mario Ortíz
|
|
Batting: RHB Charles Lewis
|
0-0: Ball Ron Elazar is caught stealing 2nd base
|
Bottom of the 5th over - 0 run(s), 0 hit(s), 0 error(s), 0 left on base; San Pablo de las Salinas 2 - Santa Anna 1 |
TOP OF THE 6TH |
San Pablo de las Salinas Doctors batting - Pitching for Santa Anna Dukes : RHP Paul Turberville
|
Batting: RHB Pedro López
|
0-0: Called Strike 0-1: Ball 1-1: Ground out 6-3 (Groundball, 6)
|
Pitching: LHP Ángel Gonzáles
|
|
Batting: RHB Luis López
|
0-0: Fly out, F8 (Flyball, 8LXD)
|
Batting: RHB Sandro Hernández
|
0-0: Called Strike 0-1: Called Strike 0-2: Ball 1-2: Strikes out swinging
|
Top of the 6th over - 0 run(s), 0 hit(s), 0 error(s), 0 left on base; San Pablo de las Salinas 2 - Santa Anna 1 |
BOTTOM OF THE 6TH |
Santa Anna Dukes batting - Pitching for San Pablo de las Salinas Doctors : RHP Mario Ortíz
|
Batting: RHB Charles Lewis
|
0-0: Called Strike 0-1: Swinging Strike 0-2: Ball 1-2: Ball 2-2: Ball 3-2: Foul Ball, location: 2F 3-2: SINGLE (Line Drive, 78S)
|
Batting: RHB Michael Hastings
|
0-0: Called Strike 0-1: Called Strike 0-2: Ball 1-2: Foul Ball, location: 2F 1-2: Strikes out looking
|
Batting: RHB Júlio González
|
0-0: Ball 1-0: Ball 2-0: Ball 3-0: Called Strike 3-1: Called Strike 3-2: Strikes out looking
|
Batting: RHB Ben Wilson
|
0-0: Called Strike Charles Lewis steals 2nd base 0-1: Foul Ball, location: 2F 0-2: Fly out, F9 (Flyball, 9S)
|
Bottom of the 6th over - 0 run(s), 1 hit(s), 0 error(s), 1 left on base; San Pablo de las Salinas 2 - Santa Anna 1 |
TOP OF THE 7TH |
San Pablo de las Salinas Doctors batting - Pitching for Santa Anna Dukes : LHP Ángel Gonzáles
|
Batting: LHB Julián Díaz
|
0-0: Ball 1-0: Ball 2-0: Called Strike 2-1: Ball 3-1: Base on Balls
|
Pinch Hitting: RHB Roberto Villela
|
0-0: Called Strike 0-1: Ball 1-1: Fly out, F9 (Line Drive, 3D)
|
Batting: SHB Jorge Maldonado
|
0-0: Called Strike 0-1: Ball 1-1: Ground out U3 (Groundball, 3S) Julián Díaz to second
|
Pinch Hitting: RHB Arturo Franco
|
0-0: Ball 1-0: Ball 2-0: Called Strike 2-1: Fly out, F6 (Popup, 6M)
|
Top of the 7th over - 0 run(s), 0 hit(s), 0 error(s), 1 left on base; San Pablo de las Salinas 2 - Santa Anna 1 |
BOTTOM OF THE 7TH |
Santa Anna Dukes batting - Pitching for San Pablo de las Salinas Doctors : RHP Mario Ortíz
|
Now at SS: Arturo Franco
|
|
Now in RF: Roberto Villela
|
|
Batting: RHB Bryan Martínez
|
0-0: Foul Ball, location: 2F 0-1: Swinging Strike 0-2: Ball 1-2: Ball 2-2: Ball 3-2: Base on Balls
|
Batting: RHB Jesús Velásquez
|
0-0: Sac Bunt - play at first, batter OUT! 5-4 Bryan Martínez to second
|
Pinch Hitting: SHB Lonnie Washington
|
0-0: Ball 1-0: Ball 2-0: Called Strike 2-1: Ball 3-1: Base on Balls
|
Batting: LHB Oliver Hernández
|
0-0: Foul Ball, location: 2F 0-1: Swinging Strike 0-2: Ball 1-2: Ball 2-2: Strikes out looking
|
Batting: RHB Ron Elazar
|
0-0: Foul Ball, location: 2F 0-1: Ball 1-1: SINGLE (Groundball, 25) (infield hit) Bryan Martínez to third Lonnie Washington to second
|
Pinch Hitting: RHB Earl Godwin
|
0-0: Called Strike 0-1: Fly out, F4 (Popup, 3D)
|
Bottom of the 7th over - 0 run(s), 1 hit(s), 0 error(s), 3 left on base; San Pablo de las Salinas 2 - Santa Anna 1 |
TOP OF THE 8TH |
San Pablo de las Salinas Doctors batting - Pitching for Santa Anna Dukes : LHP Ángel Gonzáles
|
Now at 2B: Lonnie Washington
|
|
Batting: RHB John Jones
|
0-0: Ball
|
Now at SS: Earl Godwin
|
1-0: Ball 2-0: Ball 3-0: Base on Balls
|
Pinch Hitting: RHB Francisco Varela
|
0-0: Called Strike 0-1: Swinging Strike 0-2: Foul Ball, location: 2F 0-2: Ball 1-2: Grounds into double play, 6-4-3 (Groundball, 6)
|
Batting: RHB Pedro López
|
0-0: Ball 1-0: Foul Ball, location: 2F 1-1: Foul Ball, location: 2F 1-2: Strikes out swinging
|
Top of the 8th over - 0 run(s), 0 hit(s), 0 error(s), 0 left on base; San Pablo de las Salinas 2 - Santa Anna 1 |
BOTTOM OF THE 8TH |
Santa Anna Dukes batting - Pitching for San Pablo de las Salinas Doctors : RHP Mario Ortíz
|
Pitching: RHP Miguel Guzmán
|
|
Now in LF: Stéphane Labat
|
|
Batting: RHB Michael Hastings
|
0-0: SINGLE (Line Drive, 6MD)
|
Pitching: RHP Colin Younger
|
|
Batting: RHB Júlio González
|
0-0: Bunt missed! 0-1: Bunted foul 0-2: Ball 1-2: Ball 2-2: SINGLE (Groundball, 6) Michael Hastings to second
|
Pinch Hitting: RHB Jeff Manley
|
0-0: SINGLE (Groundball, 34) Michael Hastings to third Júlio González to second
|
Batting: RHB Bryan Martínez
|
0-0: Ball 1-0: Called Strike 1-1: Foul Ball, location: 2F 1-2: Strikes out swinging
|
Batting: RHB Jesús Velásquez
|
0-0: Ball 1-0: Called Strike 1-1: Ball 2-1: Swinging Strike 2-2: DOUBLE (Line Drive, 78M) Michael Hastings scores Júlio González scores Jeff Manley to third Runner from 3rd tries for Home, SAFE, no throw or cutoff
|
Batting: SHB Lonnie Washington
|
0-0: Ball 1-0: Ball Jesús Velásquez steals 3rd base 2-0: Ball 3-0: Called Strike 3-1: Called Strike 3-2: Foul Ball, location: 2F 3-2: Ground out 4-3 (Groundball, 4)
|
Batting: LHB Oliver Hernández
|
0-0: Ground out U3 (Groundball, 3)
|
Bottom of the 8th over - 3 run(s), 4 hit(s), 0 error(s), 1 left on base; San Pablo de las Salinas 2 - Santa Anna 4 |
TOP OF THE 9TH |
San Pablo de las Salinas Doctors batting - Pitching for Santa Anna Dukes : LHP Ángel Gonzáles
|
Pitching: LHP Edgardo Reyes
|
|
Now in CF: Jeff Manley
|
|
Batting: RHB Luis López
|
0-0: Fly out, F9 (Flyball, 9M)
|
Batting: RHB Sandro Hernández
|
0-0: Called Strike 0-1: Ball 1-1: Called Strike 1-2: Ball 2-2: Strikes out swinging
|
Batting: LHB Julián Díaz
|
0-0: Ball 1-0: Ball 2-0: Fly out, F5 (Popup, 5S)
|
Top of the 9th over - 0 run(s), 0 hit(s), 0 error(s), 0 left on base; San Pablo de las Salinas 2 - Santa Anna 4 |
|